 Dungeon Crawl Stone Soup version 0.20-a0-9-g62d82d9 (webtiles) character file.

729325 nubinia the Archmage (level 27, -29/195 HPs)
             Began as a High Elf Fire Elementalist on Oct 27, 2016.
             Was the Champion of Ashenzari.
             Annihilated by an Orb Guardian (32 damage)
             ... on level 5 of the Realm of Zot on Nov 1, 2016.
             The game lasted 15:24:08 (84214 turns).

nubinia the Archmage (High Elf Fire Elementalist)  Turns: 84214, Time: 15:24:10

Health: -29/195    AC: 14    Str: 10    XL:     27
Magic:  7/64       EV: 40    Int: 31    God:    Ashenzari [******]
Gold:   5539       SH: 19    Dex: 35    Spells: 21 memorised, 4 levels left

rFire  + + +     SeeInvis +     F - +9 dagger (protect) (curse)
rCold  . . .     Gourm    .     x - +1 robe of Mezcal {rElec rF+ Str+2} (curse)
rNeg   + . .     Faith    .     s - +4 shield {rF+} (curse)
rPois  +         Spirit   .     n - +2 hat {MR+} (curse)
rElec  +         Reflect  .     H - +2 cloak (curse)
rCorr  .         Harm     .     g - +2 pair of gloves {Dex+3} (curse)
MR     +++++     Clarity  +     G - +2 pair of boots {run} (curse)
Stlth  ++++......               K - amulet of Trepidation {rN+ Regen+} (curse)
                                b - ring "Heilih" {MR++ MP+9 Dex+3 Slay+3} (curse)
                                t - ring of Nureesuq {rPois rF+ Int+5} (curse)

@: agile, about to teleport, deflect missiles, quick
A: robust 1
a: Curse Item, Scrying, Transfer Knowledge, Renounce Religion
0: Orb of Zot
}: 3/15 runes: decaying, serpentine, silver


You were on level 5 of the Realm of Zot.
You worshipped Ashenzari.
Ashenzari was exalted by your worship.
You were hungry.

You visited 11 branches of the dungeon, and saw 53 of its levels.
You visited 1 ziggurat, and saw 9 of its levels.
You also visited: Ice Cave and Wizlab.

You collected 8983 gold pieces.
You spent 3444 gold pieces at shops.

Inventory:

Hand Weapons
 F - a cursed +9 dagger of protection (weapon)
Armour
 g - a cursed +2 pair of gloves of dexterity (worn)
 n - a cursed +2 hat of magic resistance (worn)
 s - a cursed +4 shield of fire resistance (worn)
 x - the cursed +1 robe of Mezcal (worn) {rElec rF+ Str+2}
   (You took it off a deep elf elementalist on level 2 of the Elven Halls)

   It affects your strength (+2).
   It protects you from fire.
   It insulates you from electricity.
   It has a curse placed upon it.
 G - a cursed +2 pair of boots of running (worn)
 H - a cursed +2 cloak (worn)
Jewellery
 b - the cursed ring "Heilih" (right hand) {MR++ MP+9 Dex+3 Slay+3}
   (You found it on level 6 of the Lair of Beasts)

   [ring of dexterity]

   It affects your dexterity (+3).
   It affects your accuracy and damage with ranged weapons and melee attacks
   (+3).
   It affects your resistance to hostile enchantments.
   It affects your magic capacity (+9).
   It has a curse placed upon it.
 t - the cursed ring of Nureesuq (left hand) {rPois rF+ Int+5}
   (You acquired it on level 3 of the Crypt)

   [ring of protection from fire]

   It affects your intelligence (+5).
   It protects you from fire.
   It protects you from poison.
   It has a curse placed upon it.
 K - the cursed amulet of Trepidation (around neck) {rN+ Regen+}
   (You found it on level 3 of the Crypt)

   [amulet of regeneration]

   It protects you from negative energy.
   It increases your rate of regeneration.
   It has a curse placed upon it.
Wands
 h - a wand of lightning (9/15)
 z - a wand of iceblast (10/15)
 B - a wand of acid (3/15)
 L - a wand of teleportation (4/9)
 M - a wand of lightning (5/15)
 V - a wand of disintegration (14/24)
 W - a wand of acid (8/15)
 X - a wand of digging (9/24)
 Y - a wand of iceblast (10/15)
Scrolls
 e - 8 scrolls of recharging
 f - a scroll of silence
 k - a scroll of remove curse
 l - 29 scrolls of identify
 m - 16 scrolls of magic mapping
 y - 7 scrolls of blinking
 N - 7 scrolls of fog
 P - 5 scrolls of teleportation
 R - 2 scrolls of summoning
 T - a scroll of holy word
 Z - 5 scrolls of fear
Potions
 d - 3 potions of magic
 i - 6 potions of resistance
 j - 2 potions of heal wounds
 o - 3 potions of cure mutation
 p - 5 potions of might
 q - 7 potions of brilliance
 u - 5 potions of cancellation
 v - 19 potions of curing
 C - 5 potions of agility
 D - 3 potions of invisibility
 I - 5 potions of berserk rage
 J - 2 potions of haste
 Q - 8 potions of flight
Miscellaneous
 a - a fan of gales
 w - a lamp of fire
 A - a phial of floods
 O - 3 boxes of beasts
Comestibles
 c - 29 bread rations


   Skills:
 * Level 12.3 Fighting
 + Level 19.7(23.2) Short Blades
 + Level 15.5(19.4) Dodging
 + Level 17.4(21.1) Stealth
 + Level 12.5(15.1) Shields
 O Level 27 Spellcasting
 + Level 18.7(22.3) Conjurations
 + Level 6.4(11.0) Charms
 + Level 5.0(9.4) Summonings
 - Level 10.0(14.2) Necromancy
 + Level 14.9(18.9) Translocations
 + Level 1.0(3.5) Transmutations
 + Level 15.1(19.1) Fire Magic
 + Level 12.4(16.5) Air Magic
 - Level 0.7(2.8) Earth Magic
 + Level 2.8(6.6) Evocations


You had 4 spell levels left.
You knew the following spells:

 Your Spells              Type           Power        Failure   Level  Hunger
a - Airstrike             Air            #######...   0%          4    None
b - Force Lance           Conj/Tloc      ########     0%          4    None
c - Mephitic Cloud        Conj/Pois/Air  #######.     0%          3    None
d - Sticky Flame          Conj/Fire      ########     0%          4    None
e - Shadow Creatures      Summ           N/A          1%          6    None
f - Fireball              Conj/Fire      ########..   0%          5    None
g - Shroud of Golubria    Chrm/Tloc      #######...   0%          2    None
h - Iskenderun's Mystic   Conj           ########     0%          4    None
i - Summon Lightning Spi  Summ/Air       #######.     1%          4    None
j - Dispersal             Tloc           ########..   1%          6    None
k - Bolt of Draining      Conj/Necr      ########..   0%          5    None
l - Dispel Undead         Necr           #######.     1%          5    None
m - Blink                 Tloc           N/A          0%          2    None
n - Swiftness             Chrm/Air       #######.     0%          2    None
o - Lesser Beckoning      Tloc           ########..   0%          3    None
p - Apportation           Tloc           ########..   0%          1    None
q - Passwall              Tmut/Erth      ######....   1%          2    None
r - Regeneration          Chrm/Necr      #######...   0%          3    None
s - Deflect Missiles      Chrm/Air       #######...   1%          6    None
D - Animate Dead          Necr           N/A          0%          4    None
S - Animate Skeleton      Necr           N/A          0%          1    None


Dungeon Overview and Level Annotations

Branches:
Dungeon (15/15)            Temple (1/1) D:6            Lair (6/6) D:8
  Swamp (4/4) Lair:4        Snake (4/4) Lair:3        Slime (0/5) Lair:5
    Orc (2/2) D:11            Elf (3/3) Orc:2        Vaults (5/5) D:14
  Crypt (3/3) Vaults:3       Tomb (0/3) Crypt:3      Depths (5/5) D:15
    Zot (5/5) Depths:5

Altars:
Ashenzari
Cheibriados
Dithmenos
Elyvilon
Fedhas
Gozag
Hepliaklqana
Kikubaaqudgha
Makhleb
Okawaru
Qazlal
Ru
Sif Muna
Trog
Uskayaw
Xom
Yredelemnul
Zin
The Shining One
Beogh
Jiyva
Lugonu

Shops:
D:8 *   D:15 [[=!%   Orc:1 *   Orc:2 :%:%   Elf:2 %   Vaults:2 (   Vaults:3 %
Vaults:4 %

Portals:
Hell: Depths:1 Depths:2 Depths:3 Depths:4 Depths:5
Abyss: Depths:2 Depths:3 Depths:4 Depths:5
Pandemonium: Depths:1 Depths:3 Depths:4
Trove: D:11 (give 8 potions of haste)

Annotations:
Lair:6 exclusion: oklob plant
Vaults:4 exclusion: lightning spire
Crypt:3 exclusions: sensed monster (detected) and 1 more exclusion
Zot:4 exclusion: upstairs


Innate Abilities, Weirdness & Mutations

You are robust. (+10% HP)


Message History

You feel the Orb delaying your translocation!
Your skin stops crawling.
The Orb Guardian completely misses you. x2
You block the quicksilver dragon's attack. x2
The Orb Guardian completely misses you. The Orb Guardian hits you!!
* * * LOW HITPOINT WARNING * * *
Your shroud falls apart!
The electric golem blinks!
The Orb Guardian hits you but does no damage.
You feel much better. The Orb Guardian hits you!
* * * LOW HITPOINT WARNING * * *
You block the quicksilver dragon's attack. x2
The electric golem blinks!
The Orb Guardian hits you!
* * * LOW HITPOINT WARNING * * *
The Orb Guardian hits you!
* * * LOW HITPOINT WARNING * * *
The ancient lich gestures at you while chanting.
You feel haunted. The Orb Guardian completely misses you.
The Orb Guardian hits you!!
You die...

▓▓▓▓▓▓▓▓# #▓▓▓▓▓▓#▓ ,..▓▓▓ ** ,,,
,,.....▓# * * ,, , ,,.......## *
,, , { ,,........# ▓▓▓▓▓▓▓▓▓ *,
,,∆,
..(.....▓▓▓.......▓▓▓.......... ,
........▓▓...W...§.▓▓..........
........▓..?XXXW....▓WW........
,,....X.......D*@dXXX.WW.........
,........▓....XX.L...▓W.........
,........▓▓....XW8..▓▓.......z§.
,*.^.....▓▓▓.......▓▓▓.fdW.....§
*.......▓ ▓▓▓▓▓▓▓▓▓ ▓.XLfW.....
,..?....▓▓ ▓▓.XXW).... ,.....▓▓
▓▓▓W...... ,,.▓▓▓ ▓▓▓▓.... * *
▓▓▓▓


You could see an orb of fire, an electric golem, an ancient lich, a white
draconian, a quicksilver dragon, 9 Orb Guardians, a shadow wraith (invisible), 2
phantasmal warriors, a freezing wraith and 3 wraiths.

Vanquished Creatures
  A juggernaut (Depths:3)
  5 ancient liches
  A greater mummy (Depths:2)
  Saint Roka (Vaults:4)
  3 Killer Klowns
  3 curse toes
  Nikola (Snake:3)
  12 golden dragons
  Jorgrun (Snake:2)
  7 liches
  2 electric golems
  12 tentacled monstrosities
  7 Orb Guardians
  A Hell Sentinel (Zig:4)
  8 titans
  A deep elf blademaster (Elf:3)
  2 deep elf master archers
  5 quicksilver dragons
  Frances (Snake:1)
  4 ancient champions
  4 sphinxes
  Gastronok (D:8)
  6 death cobs
  4 shadow dragons
  5 tengu reavers
  14 storm dragons
  5 nagarajas
  4 draconian monks
  3 iron dragons
  14 fire giants
  8 deep elf sorcerers
  6 frost giants
  4 revenants (Crypt:3)
  2 draconian zealots
  An orc warlord (Orc:2)
  3 ghost moths
  4 draconian knights
  5 draconian scorchers
  10 vault wardens
  7 draconian shifters
  A reaper (Crypt:3)
  4 deep elf elementalists
  5 war gargoyles
  18 stone giants
  3 spriggan defenders
  21 very ugly things
  A draconian annihilator (Zot:2)
  12 ironheart preservers
  4 draconian callers
  4 green draconians
  4 vampire knights
  An entropy weaver (shapeshifter) (Vaults:4)
  9 deep elf annihilators
  Nessos (Orc:2)
  2 dire elephants
  8 purple draconians
  3 white draconians
  3 deep elf demonologists
  4 yellow draconians
  9 mottled draconians
  8 red draconians
  6 black draconians
  10 ettins
  13 deep elf death magi
  3 crystal guardians
  A merfolk impaler (Depths:5)
  8 deep elf high priests
  7 fire dragons
  9 eidola
  13 jiangshi
  3 spectral quicksilver dragons (Crypt:3)
  12 yaktaur captains
  Josephine (D:14)
  A great orb of eyes (shapeshifter) (Vaults:4)
  6 great orbs of eyes
  5 rakshasas
  9 naga warriors
  23 vault guards
  14 ice dragons
  17 hydras
  A quicksilver dragon skeleton (Crypt:1)
  7 spriggan air magi
  A ghost crab (Swamp:3)
  10 centaur warriors
  8 anacondas
  5 death knights
  4 alligators
  32 dancing weapons
  A spectral fire giant (Crypt:3)
  A spectral stone giant (Crypt:3)
  5 orc high priests
  Urug (D:13)
  7 ogre magi
  2 deep troll shamans
  2 titan zombies
  9 shock serpents
  9 tengu warriors
  8 vampire magi
  7 deep troll earth magi
  A spriggan berserker (Depths:4)
  12 naga sharpshooters
  An iron troll (Depths:4)
  24 deep elf knights
  3 spectral storm dragons (Crypt:3)
  A spectral emperor scorpion (Crypt:3)
  2 soul eaters
  13 hell knights
  An iron golem (WizLab)
  A wretched star (Depths:3)
  9 shadow wraiths
  4 salamander mystics
  2 storm dragon skeletons
  25 deep trolls
  A golden dragon zombie (Depths:2)
  18 skeletal warriors
  4 glowing orange brains
  A spectral iron dragon (Crypt:3)
  14 flayed ghosts
  2 spriggan druids (Swamp:4)
  A quicksilver dragon simulacrum (Crypt:1)
  30 deep elf archers
  An unseen horror (D:14)
  A tengu zombie (Depths:2)
  8 naga ritualists
  16 swamp dragons
  6 wizards
  A death drake (shapeshifter) (Vaults:4)
  7 hill giants
  A shambling mangrove (Swamp:2)
  6 phantasmal warriors
  5 harpies (Vaults:4)
  2 sphinx zombies (Depths:2)
  2 shadow dragon zombies
  2 wolf spiders
  11 ironbrand convokers
  A wolf spider (shapeshifter) (Vaults:4)
  16 necromancers
  18 orc knights
  2 spectral wolf spiders (Crypt:3)
  16 salamanders
  42 ugly things
  74 deep elf magi
  6 orc sorcerers
  3 mana vipers
  A cyclops (shapeshifter) (Elf:1)
  A salamander (shapeshifter) (Vaults:2)
  3 fire giant zombies
  10 cyclopes
  A manticore (D:15)
  A spectral fire dragon (Crypt:3)
  13 elephants
  An oklob plant (D:13)
  A fire giant skeleton (Crypt:1)
  20 moths of wrath
  2 ice statues (IceCv)
  16 naga magi
  13 vault sentinels
  A guardian serpent (Snake:2)
  Joseph (D:8)
  2 stone giant skeletons
  27 black mambas
  A water nymph (shapeshifter) (Zig:5)
  15 spiny frogs
  9 gargoyles
  A titan simulacrum (Depths:2)
  A purple draconian zombie (Crypt:2)
  A spriggan zombie (Depths:2)
  8 komodo dragons
  A dire elephant skeleton (Crypt:1)
  4 rime drakes
  A torpor snail (Lair:2)
  A yaktaur zombie (Vaults:4)
  45 yaktaurs
  2 efreet
  3 kobold demonologists
  28 freezing wraiths
  A death yak skeleton (Crypt:1)
  2 hellwings (Depths:2)
  9 ice devils (IceCv)
  A white draconian skeleton (Crypt:2)
  3 human skeletons
  A spectral harpy (Crypt:3)
  A merfolk (shapeshifter) (Zig:6)
  A queen ant zombie (Crypt:3)
  A harpy zombie (D:14)
  7 guardian mummies
  12 trolls
  2 yaktaur skeletons
  2 meliai (D:14)
  2 meliai (shapeshifter)
  5 tengu conjurers
  A grey draconian skeleton (Crypt:1)
  The ghost of brucemayne the Cleaver, an amateur HOMo (D:6)
  A jumping spider (Zig:2)
  An ancient zyme (Depths:3)
  14 hornets
  A troll (shapeshifter) (Vaults:2)
  3 tyrant leeches
  19 slime creatures
  10 two-headed ogres
  2 ettin zombies
  9 blink frogs
  An ice dragon zombie (Crypt:1)
  A fire giant simulacrum (Crypt:3)
  8 bog bodies
  A meliai zombie (D:15)
  8 dream sheep
  5 hippogriffs
  A hippogriff (shapeshifter) (Vaults:3)
  A human simulacrum (Vaults:4)
  19 spriggans
  17 wraiths
  Sigmund (D:6)
  An ettin skeleton (Vaults:1)
  3 shadows
  6 water elementals
  A centaur simulacrum (D:15)
  18 air elementals
  2 hogs (D:11)
  A yak (shapeshifter) (Vaults:4)
  4 wyverns
  A human (D:11)
  5 fire elementals
  A wind drake skeleton (Crypt:3)
  A hog (shapeshifter) (Vaults:2)
  4 basilisks
  A steam dragon (D:10)
  56 yaks
  A spriggan simulacrum (Depths:2)
  2 fire bats (Depths:1)
  9 vampire mosquitoes
  3 hungry ghosts
  3 mottled dragons
  19 swamp worms
  27 nagas
  8 wargs
  A spectral spiny frog (Crypt:3)
  14 water moccasins
  Duvessa (D:4)
  A floating eye (Depths:3)
  16 swamp drakes
  12 porcupines
  A faun skeleton (Crypt:1)
  55 orc warriors
  5 ice beasts
  3 phantoms
  A slave (D:6)
  A necrophage (D:10)
  A hornet zombie (D:11)
  A dream sheep zombie (Crypt:3)
  34 ogres
  4 sky beasts
  3 eyes of draining
  An ettin simulacrum (Crypt:1)
  5 boggarts
  A wolf (shapeshifter) (Vaults:5)
  The ghost of brucemayne the Chopper, an amateur DsBe of Trog (D:4)
  A fire dragon simulacrum (Crypt:3)
  13 wolves
  17 centaurs
  14 crocodiles
  A spectral human (Crypt:3)
  A fire crab zombie (Crypt:2)
  9 big kobolds
  Blork the orc (D:4)
  A rime drake skeleton (Crypt:3)
  21 bullfrogs
  6 earth elementals
  A gnoll sergeant (D:11)
  2 wyvern skeletons
  Dowan (D:4)
  7 scorpions
  A queen bee zombie (Crypt:1)
  75 killer bees
  20 wights
  A snapping turtle simulacrum (Crypt:3)
  A raiju skeleton (Crypt:1)
  5 electric eels
  A howler monkey (D:4)
  3 bullfrog zombies
  9 crimson imps
  2 centaur zombies
  8 hounds
  5 jellies
  26 orc priests
  Crazy Yiuf (D:6)
  2 bullfrog skeletons
  5 centaur skeletons
  21 orc wizards
  An iron imp (Depths:1)
  8 iguanas
  A hell rat (shapeshifter) (Depths:3)
  9 worker ants
  A killer bee zombie (D:5)
  A naga zombie (Crypt:3)
  A crocodile skeleton (Crypt:2)
  2 hound zombies
  A hound skeleton (D:10)
  7 mummies
  Robin (D:4)
  A worker ant zombie (D:9)
  16 adders
  4 gnolls
  6 shadow imps
  8 white imps (IceCv)
  9 ufetubi
  5 oozes
  3 adder zombies (D:8)
  An adder skeleton (D:7)
  3 worms (D:2)
  3 dart slugs
  7 leopard geckos
  115 orcs
  13 bats
  8 giant cockroaches
  17 goblins
  8 hobgoblins
  A jackal (D:8)
  6 quokkas
  A river rat zombie (Crypt:2)
  2 frilled lizards
  A jackal skeleton (Crypt:2)
  A jackal zombie (D:5)
  27 kobolds
  A kobold skeleton (Crypt:3)
  A leopard gecko skeleton (D:6)
  A leopard gecko zombie (Crypt:3)
  5 rats
  A spectral orc (D:5)
  A crawling corpse (Elf:3)
  2 fungi (Depths:3)
  4 plants
2357 creatures vanquished.

Vanquished Creatures (collateral kills)
  Mara (Vaults:4)
  A juggernaut (Depths:3)
  Margery (Crypt:2)
  A caustic shrike (Depths:3)
  Vashnia (Snake:2)
  A golden dragon (Zot:1)
  5 tentacled monstrosities
  2 Orb Guardians (Zot:5)
  An ancient champion (Crypt:2)
  A sphinx (Vaults:4)
  3 storm dragons
  Agnes (Snake:3)
  A thorn hunter (Swamp:4)
  A tengu reaver (Depths:5)
  3 nagarajas
  Roxanne (Swamp:4)
  2 draconian monks (Zot:2)
  2 frost giants (Depths:3)
  2 deep elf sorcerers
  Aizul (Snake:2)
  2 draconian scorchers
  2 vault wardens
  2 draconian shifters
  An iron dragon (Vaults:5)
  2 spriggan defenders (Depths:3)
  A draconian annihilator (Zot:2)
  A war gargoyle (Vaults:4)
  7 stone giants
  3 ironheart preservers
  3 very ugly things (Depths:5)
  A green draconian (Zot:3)
  7 deep elf annihilators
  5 mottled draconians
  A deep elf demonologist (Elf:3)
  Azrael (D:13)
  A white draconian (Zot:2)
  3 dire elephants
  A yellow draconian (Zot:2)
  A purple draconian (Zot:3)
  2 red draconians
  3 ettins
  An eidolon (Crypt:1)
  A deep elf death mage (Elf:3)
  3 jiangshi (Crypt:1)
  3 fire dragons
  2 yaktaur captains
  3 great orbs of eyes
  2 deep elf high priests
  9 vault guards
  5 naga warriors
  10 hydras
  7 ice dragons
  3 anacondas
  2 death knights
  A spriggan air mage (Depths:4)
  2 centaur warriors
  An ogre mage (Depths:1)
  A satyr (Zig:3)
  3 deep troll shamans
  2 alligators (Swamp:1)
  2 tengu warriors
  A vampire mage (Crypt:1)
  2 deep troll earth magi
  3 naga sharpshooters
  2 spriggan berserkers
  A shock serpent (Snake:3)
  10 deep elf knights
  A spectral storm dragon (Crypt:3)
  2 spriggans
  Sonja (D:10)
  A titan skeleton (Depths:2)
  A hell knight (Depths:4)
  A golden dragon zombie (Depths:2)
  A salamander mystic (Snake:3)
  9 skeletal warriors
  5 deep trolls
  6 naga ritualists
  A hill giant (D:14)
  4 deep elf archers
  2 wizards (D:14)
  2 ironbrand convokers
  3 swamp dragons
  A harpy (Vaults:1)
  4 necromancers
  2 phantasmal warriors (Crypt:3)
  A shambling mangrove (Zig:7)
  12 ugly things
  2 human zombies
  8 mana vipers
  14 deep elf magi
  An orb spider (Zig:2)
  6 salamanders
  A frost giant zombie (Depths:2)
  A faun (Zig:3)
  14 black mambas
  5 moths of wrath
  A fire giant skeleton (Crypt:2)
  An elephant (Lair:5)
  6 naga magi
  A black mamba (shapeshifter) (D:14)
  A hellion (Depths:2)
  6 vault sentinels
  8 spiny frogs
  11 yaktaurs
  3 efreet
  2 freezing wraiths (Vaults:4)
  A tengu conjurer (Depths:1)
  A meliai (D:14)
  A troll (D:11)
  3 tyrant leeches
  2 human skeletons (Vaults:3)
  8 slime creatures
  4 two-headed ogres
  6 hornets
  2 bog bodies (Swamp:4)
  A two-headed ogre (shapeshifter) (Zig:8)
  5 dream sheep
  A spriggan zombie (Depths:2)
  5 blink frogs
  A fire giant simulacrum (Vaults:1)
  A hippogriff (Lair:4)
  A centaur simulacrum (D:14)
  4 water elementals
  12 yaks
  A fire elemental (Zig:6)
  4 vampire mosquitoes
  A hog (D:11)
  A warg (Orc:1)
  2 mottled dragons
  13 nagas
  5 swamp worms
  2 water moccasins
  An ogre zombie (Vaults:1)
  6 swamp drakes
  A swamp drake (shapeshifter) (Depths:3)
  A black bear (D:11)
  9 orc warriors
  A wolf (Lair:4)
  2 boggarts (D:14)
  9 ogres
  A tengu (shapeshifter) (Vaults:5)
  A crocodile (D:11)
  7 centaurs
  3 big kobolds
  A gnoll sergeant (D:11)
  2 wights (D:12)
  6 orc priests (Orc:2)
  6 orc wizards
  A crocodile skeleton (Crypt:2)
  A hound skeleton (D:8)
  A mummy (Depths:2)
  2 gnolls (D:11)
  A white imp (Depths:5)
  An adder skeleton (D:9)
  29 orcs
  3 kobolds
  3 crawling corpses
  5 fungi
508 creatures vanquished.

Vanquished Creatures (others)
  A tentacled monstrosity (Depths:5)
  A reaper (IceCv)
  2 stone giants
  A great orb of eyes (Depths:3)
  5 yaktaur captains
  A centaur warrior (Vaults:1)
  An ogre mage (Depths:3)
  2 deep elf knights (Elf:2)
  2 deep elf archers (Elf:2)
  5 deep elf magi
  3 cyclopes
  A faun (shapeshifter) (Zig:4)
  A salamander (Depths:4)
  A black mamba (Snake:4)
  A demonic crawler (Zig:2)
  6 yaktaurs
  A bog body (Swamp:4)
  A shadow (Crypt:1)
  A naga (Snake:4)
  A hell hound (D:13)
  A sky beast (D:15)
  A centaur (D:14)
  A bullfrog (D:4)
  A worker ant (D:4)
  An adder (D:4)
  3 white imps (IceCv)
  An orc (D:4)
  9 fungi
  12 plants
  A starspawn tentacle (Zig:9)
69 creatures vanquished.

Grand Total: 2934 creatures vanquished

Notes
Turn   | Place    | Note
-------+----------+-------------------------------------------
     0 | D:1      | nubinia the High Elf Fire Elementalist began the quest for the Orb.
     0 | D:1      | Reached XP level 1. HP: 11/11 MP: 4/4
   198 | D:1      | Reached XP level 2. HP: 17/17 MP: 3/6
   298 | D:1      | Learned a level 2 spell: Throw Flame
   634 | D:1      | Reached skill level 3 in Spellcasting
   637 | D:1      | Reached XP level 3. HP: 21/21 MP: 4/8
   645 | D:1      | Learned a level 3 spell: Conjure Flame
  1388 | D:2      | Reached XP level 4. HP: 23/27 MP: 9/9
  2802 | D:3      | Reached skill level 1 in Short Blades
  2844 | D:3      | Learned a level 4 spell: Sticky Flame
  2961 | D:3      | Reached XP level 5. HP: 29/31 MP: 0/11
  3313 | D:3      | Found a shattered altar of Ashenzari.
  3324 | D:3      | Became a worshipper of Ashenzari the Shackled
  3580 | D:3      | Found a bloodstained altar of Trog.
  3580 | D:3      | Noticed an eye of draining
  3580 | D:3      | Noticed an eye of draining
  3610 | D:3      | Killed an eye of draining
  3610 | D:3      | Reached skill level 4 in Spellcasting
  3771 | D:3      | Reached XP level 6. HP: 37/37 MP: 6/13
  4010 | D:4      | Noticed Robin
  4012 | D:5      | Entered Level 5 of the Dungeon
  4133 | D:4      | Noticed Blork the orc
  4139 | D:4      | Killed Blork the orc
  4185 | D:4      | Found a shimmering altar of Xom.
  4190 | D:4      | Reached XP level 7. HP: 42/42 MP: 6/15
  4325 | D:4      | Noticed brucemayne's ghost (amateur DsBe)
  4509 | D:4      | Killed Robin
  4587 | D:4      | Reached skill level 5 in Spellcasting
  4658 | D:4      | Killed brucemayne's ghost
  4745 | D:4      | Noticed Duvessa
  4745 | D:4      | Noticed Dowan
  4958 | D:4      | Reached * piety under Ashenzari
  5286 | D:4      | Killed Dowan
  5511 | D:4      | Reached skill level 1 in Fighting
  5632 | D:4      | Killed Duvessa
  6053 | D:5      | Reached skill level 5 in Fire Magic
  6106 | D:4      | Reached skill level 6 in Spellcasting
  6106 | D:4      | Reached XP level 8. HP: 27/48 MP: 8/18
  6554 | D:5      | Found a basalt altar of Yredelemnul.
  6709 | D:5      | Found a burning altar of Makhleb.
  6709 | D:5      | Noticed an Executioner
  6956 | D:6      | Noticed brucemayne's ghost (amateur HOMo)
  6969 | D:6      | Noticed Sigmund
  6969 | D:6      | Noticed a gargoyle
  6979 | D:6      | Killed brucemayne's ghost
  6979 | D:6      | Reached skill level 5 in Conjurations
  7030 | D:6      | Found a snail-covered altar of Cheibriados.
  7221 | D:6      | Killed Sigmund
  7221 | D:6      | Reached skill level 7 in Spellcasting
  7367 | D:6      | Reached ** piety under Ashenzari
  7740 | D:6      | Found a runed door.
  7744 | D:6      | Noticed Crazy Yiuf
  7750 | D:6      | Killed Crazy Yiuf
  7846 | D:6      | Found a staircase to the Ecumenical Temple.
  7855 | Temple   | Entered the Ecumenical Temple
  8142 | D:7      | Reached XP level 9. HP: 54/54 MP: 9/21
  8301 | D:7      | Found a hazy altar of Hepliaklqana.
  8428 | D:7      | Learned a level 3 spell: Inner Flame
  8434 | D:7      | Learned a level 5 spell: Fireball
  8509 | D:8      | Noticed Gastronok
  8885 | D:7      | Reached skill level 8 in Spellcasting
  9720 | D:9      | Reached skill level 9 in Spellcasting
  9733 | D:9      | Reached XP level 10. HP: 46/60 MP: 11/24
 10360 | D:8      | Found Askeohaj's Assorted Antiques.
 10379 | D:8      | Bought a pair of embroidered gloves for 241 gold pieces
 10385 | D:8      | Identified a scroll of acquirement
 10433 | D:8      | Reached skill level 10 in Spellcasting
 10773 | D:8      | Noticed Joseph
 10778 | D:8      | Killed Joseph
 10998 | D:8      | Found a staircase to the Lair.
 11049 | Lair:1   | Entered Level 1 of the Lair of Beasts
 11050 | Lair:1   | Reached skill level 5 in Short Blades
 11050 | Lair:1   | Reached skill level 5 in Stealth
 11112 | Lair:1   | Reached XP level 11. HP: 33/66 MP: 7/26
 11462 | Lair:1   | Reached *** piety under Ashenzari
 11466 | Lair:1   | Reached skill level 5 in Dodging
 11647 | Lair:1   | Reached skill level 11 in Spellcasting
 11724 | Lair:1   | Noticed an eight-headed hydra
 11742 | Lair:1   | Killed an eight-headed hydra
 12655 | Lair:2   | Noticed a seven-headed hydra
 13223 | Lair:1   | Reached skill level 10 in Conjurations
 13554 | Lair:1   | Reached skill level 12 in Spellcasting
 13668 | Lair:1   | Reached skill level 10 in Fire Magic
 14068 | Lair:2   | Reached XP level 12. HP: 71/72 MP: 10/29
 14618 | Lair:2   | Killed a seven-headed hydra
 15248 | Lair:2   | Reached **** piety under Ashenzari
 16035 | Lair:3   | Upgraded the game from 0.20-a0 to 0.20-a0-2-g2b0e13a
 16037 | Lair:3   | Noticed a four-headed hydra
 16042 | Lair:3   | Killed a four-headed hydra
 16157 | Lair:3   | Found a staircase to the Snake Pit.
 16481 | Lair:3   | Reached ***** piety under Ashenzari
 16741 | Lair:3   | Learned a level 1 spell: Animate Skeleton
 17071 | Lair:2   | Reached skill level 1 in Necromancy
 17151 | Lair:2   | Reached skill level 1 in Shields
 17240 | Lair:2   | Learned a level 3 spell: Regeneration
 17324 | Lair:2   | Learned a level 4 spell: Force Lance
 17371 | Lair:2   | Reached skill level 13 in Spellcasting
 17498 | Lair:4   | Found a staircase to the Swamp.
 17535 | Lair:4   | Learned a level 4 spell: Animate Dead
 17735 | Lair:3   | Reached skill level 1 in Charms
 17735 | Lair:3   | Reached skill level 1 in Evocations
 17826 | Lair:4   | Reached XP level 13. HP: 78/78 MP: 24/31
 18542 | Lair:5   | Found a viscous altar of Jiyva.
 18543 | Lair:5   | Found a staircase to the Slime Pits.
 19519 | Lair:6   | Entered Level 6 of the Lair of Beasts
 19553 | Lair:6   | Found a frozen archway.
 19733 | IceCv    | Entered an ice cave
 20021 | IceCv    | Killed a reaper
 20694 | Lair:6   | Reached ****** piety under Ashenzari
 20760 | Lair:6   | Reached skill level 14 in Spellcasting
 20890 | Lair:6   | Learned a level 3 spell: Confuse
 21080 | Lair:6   | Reached skill level 1 in Hexes
 21604 | Lair:6   | Noticed a dire elephant
 21604 | Lair:6   | Noticed a dire elephant
 21605 | Lair:6   | Identified the cursed ring "Heilih" {MR++ MP+9 Dex+3 Slay+3}
 21893 | D:8      | Killed Gastronok
 21893 | D:8      | Reached skill level 5 in Hexes
 22183 | D:9      | Learned a level 4 spell: Control Undead
 22364 | D:9      | Reached XP level 14. HP: 85/85 MP: 17/33
 22552 | D:10     | Entered Level 10 of the Dungeon
 22732 | D:10     | Noticed Sonja
 22742 | D:10     | Killed Sonja
 23352 | D:11     | Found a portal to a secret trove of treasure.
 23915 | D:11     | Found a staircase to the Orcish Mines.
 24218 | D:11     | Learned a level 4 spell: Summon Lightning Spire
 24547 | D:11     | Reached skill level 1 in Air Magic
 24562 | Orc:1    | Entered Level 1 of the Orcish Mines
 24578 | Orc:1    | Found Xeammaz's Assorted Antiques.
 24706 | Orc:1    | Found a burning altar of Makhleb.
 24785 | Orc:2    | Entered Level 2 of the Orcish Mines
 24973 | Orc:2    | Reached skill level 1 in Summonings
 25995 | Orc:2    | Found a staircase to the Elven Halls.
 26326 | Orc:2    | Found a roughly hewn altar of Beogh.
 26341 | Orc:2    | Found Koank's Food Emporium.
 26373 | Orc:2    | Found Said Agoef's Book Shoppe.
 26877 | Orc:2    | Noticed an orc warlord
 27319 | Orc:2    | Killed an orc warlord
 27506 | Orc:2    | Found a roughly hewn altar of Beogh.
 27770 | Orc:2    | Found Zeecronu's Book Boutique.
 27772 | Orc:2    | Noticed Nessos
 28252 | Orc:2    | Reached skill level 15 in Spellcasting
 28497 | Orc:2    | Killed Nessos
 28698 | Orc:1    | Bought a scroll of amnesia for 101 gold pieces
 28761 | Orc:2    | Bought a book of Enchantments for 900 gold pieces
 28768 | Orc:2    | Learned a level 6 spell: Deflect Missiles
 28864 | Orc:2    | Found Hoczaf's Food Emporium.
 29633 | Lair:6   | Found a blossoming altar of Fedhas.
 30358 | Lair:5   | Reached XP level 15. HP: 90/90 MP: 35/35
 30401 | Swamp:1  | Entered Level 1 of the Swamp
 31131 | Swamp:2  | Reached skill level 5 in Air Magic
 32488 | Snake:1  | Entered Level 1 of the Snake Pit
 32571 | Snake:1  | Noticed Frances
 32580 | Snake:1  | Killed Frances
 32580 | Snake:1  | Reached skill level 5 in Fighting
 32605 | Snake:1  | Reached skill level 16 in Spellcasting
 33235 | Lair:1   | Learned a level 4 spell: Cause Fear
 33616 | Snake:2  | Reached XP level 16. HP: 97/98 MP: 34/37
 33617 | Snake:2  | Noticed Vashnia
 33674 | Snake:2  | Killed Vashnia
 33837 | Snake:2  | Noticed Jorgrun
 33840 | Snake:2  | Killed Jorgrun
 33958 | Snake:2  | Noticed Aizul
 33967 | Snake:2  | Killed Aizul
 34037 | Snake:2  | Gained mutation: You are partially covered in iridescent scales. (AC +2) [mutagenic meat]
 34038 | Snake:2  | Gained mutation: You are resistant to hostile enchantments. (MR+) [mutagenic meat]
 34040 | Snake:2  | Gained mutation: Your natural rate of healing is unusually fast. [mutagenic meat]
 34040 | Snake:2  | Gained mutation: Your flesh is cold resistant. (rC+) [potion of beneficial mutation]
 34922 | Snake:3  | Noticed Nikola
 34927 | Snake:3  | Reached skill level 17 in Spellcasting
 34933 | Snake:3  | Killed Nikola
 35020 | Snake:3  | Noticed Agnes
 35027 | Snake:3  | Killed Agnes
 36751 | D:12     | Reached skill level 5 in Shields
 36879 | D:12     | Found a corrupted altar of Lugonu.
 37050 | D:13     | Reached skill level 10 in Short Blades
 37146 | D:13     | Noticed Urug
 37168 | D:13     | Killed Urug
 37212 | D:13     | Noticed Azrael
 37283 | D:13     | Killed Azrael
 37394 | D:13     | Found a glowing silver altar of Zin.
 37864 | D:14     | Noticed Josephine
 37881 | D:14     | Killed Josephine
 38093 | D:14     | Reached XP level 17. HP: 105/105 MP: 39/39
 38437 | D:14     | Found a gate to the Vaults.
 38697 | D:14     | Learned a level 3 spell: Mephitic Cloud
 38928 | Elf:1    | Entered Level 1 of the Elven Halls
 39155 | Elf:1    | Reached skill level 18 in Spellcasting
 39427 | Elf:1    | Reached skill level 5 in Translocations
 39708 | Elf:1    | Reached skill level 10 in Stealth
 40420 | Elf:2    | Found Heqatokk's Food Boutique.
 41005 | Elf:2    | Found a large runed door.
 41005 | Elf:2    | Found a large runed door.
 41034 | Elf:2    | Found a large runed door.
 41034 | Elf:2    | Found a large runed door.
 41550 | Snake:4  | Entered Level 4 of the Snake Pit
 42084 | Snake:4  | Reached XP level 18. HP: 112/112 MP: 41/41
 42147 | Snake:4  | Reduced skill Hexes to level 1
 42229 | Snake:4  | Reached skill level 10 in Dodging
 42553 | Lair:1   | Learned a level 6 spell: Dispersal
 42685 | Snake:4  | Reduced skill Summonings to level 1
 42804 | Snake:4  | Reached skill level 19 in Spellcasting
 42927 | Snake:4  | Got a serpentine rune of Zot
 43010 | Snake:4  | Found an ancient bone altar of Kikubaaqudgha.
 43539 | Swamp:4  | Entered Level 4 of the Swamp
 43579 | Swamp:4  | Noticed Roxanne
 44326 | Swamp:3  | Reached skill level 10 in Translocations
 44362 | Swamp:4  | Killed Roxanne
 44422 | Swamp:4  | Got a decaying rune of Zot
 44468 | Swamp:4  | Identified Roxanne's Incunabulum of the Rocks (You took it off Roxanne on level 4 of the Swamp)
 44851 | Swamp:4  | Reached skill level 1 in Summonings
 45295 | Vaults:1 | Entered Level 1 of the Vaults
 45711 | Vaults:1 | Reached XP level 19. HP: 115/118 MP: 34/43
 45821 | Vaults:1 | Reached skill level 15 in Conjurations
 46383 | Vaults:1 | Reached skill level 20 in Spellcasting
 46915 | Vaults:2 | Found Vohocapi's Antique Weapon Shoppe.
 47540 | Orc:2    | Bought a book of Death for 910 gold pieces
 47546 | Orc:2    | Learned a level 5 spell: Bolt of Draining
 47552 | Orc:2    | Learned a level 5 spell: Dispel Undead
 49149 | Vaults:1 | Upgraded the game from 0.20-a0-2-g2b0e13a to 0.20-a0-4-gd166d5d
 49312 | Vaults:3 | Found a staircase to the Crypt.
 49312 | Vaults:3 | Found a basalt altar of Yredelemnul.
 49312 | Vaults:3 | Found an ancient bone altar of Kikubaaqudgha.
 49584 | Vaults:3 | Found Casaonk's Food Emporium.
 49799 | Vaults:3 | Reached XP level 20. HP: 125/125 MP: 45/45
 50059 | Vaults:3 | Reached skill level 21 in Spellcasting
 50772 | Orc:2    | Bought a book of Minor Magic for 260 gold pieces
 50775 | Orc:2    | Learned a level 2 spell: Blink
 52137 | Elf:3    | Entered Level 3 of the Elven Halls
 53179 | Elf:2    | Identified the +1 robe of Mezcal {rElec rF+ Str+2} (You took it off a deep elf elementalist on level 2 of the Elven Halls)
 53581 | Elf:3    | Identified the +7 morningstar of the Sugar Beet {venom, rF- rC+++ rN+} (You took it off a deep elf demonologist on level 3 of the Elven Halls)
 53727 | Elf:3    | Reached skill level 22 in Spellcasting
 54141 | Elf:3    | Identified the Almanac of the Voyage and Calling
 54226 | Elf:3    | Identified the Almanac of the Glacier
 54229 | Elf:3    | Identified the Collected Works on Augmentations
 54630 | Lair:1   | Learned a level 8 spell: Controlled Blink
 54899 | Crypt:1  | Entered Level 1 of the Crypt
 55014 | Crypt:1  | Found a magical portal.
 55029 | WizLab   | Entered Doroklohe's Tomb
 55356 | WizLab   | Reached XP level 21. HP: 54/131 MP: 18/48
 55504 | WizLab   | Identified the cursed +0 robe of Action {rF+ Str+4 Dex+4}
 55884 | WizLab   | Identified the +8 gold dragon scales of the Black Moon {rElec rPois rF+ rC+ Int-5 Dex+6}
 55887 | WizLab   | Identified the +5 ring mail "Veveot" {MR+ rCorr MP-9}
 56675 | Vaults:4 | Found a basalt altar of Yredelemnul.
 57114 | Vaults:4 | Noticed Saint Roka
 57117 | Vaults:4 | Killed Saint Roka
 57130 | Vaults:4 | Identified the cursed ring "Kam Huv" {-Tele rN+ Str+3 Dex+2} (You acquired it on level 4 of the Vaults)
 57304 | Vaults:4 | Noticed Mara
 57313 | Vaults:4 | Noticed nubinia's illusion
 57555 | Vaults:4 | Killed Mara
 58014 | Vaults:4 | Identified the +0 robe "Tiducve" {Int+6}
 58022 | Vaults:4 | Identified the ring "Haaqelant" {EV+1 Dex+4}
 58055 | Vaults:4 | Found Namixko's Food Emporium.
 58321 | D:15     | Entered Level 15 of the Dungeon
 58594 | D:15     | Found Cuiqeg's Jewellery Emporium.
 58625 | D:15     | Found Hutuock's Antique Armour Shop.
 58658 | D:15     | Found Seskonee's Antique Armour Boutique.
 58660 | D:15     | Bought a translucent leather armour for 252 gold pieces
 58660 | D:15     | Identified the +2 leather armour of the Four Moons {rPois rN+ Int-5 SInv} (You bought it in a shop on level 15 of the Dungeon)
 58668 | D:15     | Bought a fine leather armour for 196 gold pieces
 58668 | D:15     | Identified the +1 leather armour "Nepusax" {rF+ rC+} (You bought it in a shop on level 15 of the Dungeon)
 58793 | D:15     | Found Muashaxe's Distillery.
 58802 | D:15     | Bought a potion of agility for 64 gold pieces
 58809 | D:15     | Found a staircase to the Depths.
 58911 | D:15     | Found a deep blue altar of Sif Muna.
 59090 | D:15     | Found Doiph's Food Emporium.
 59208 | Depths:1 | Entered Level 1 of the Depths
 59454 | Depths:1 | Found a one-way gate leading to the halls of Pandemonium.
 59985 | Depths:1 | Found a gateway to Hell.
 60455 | Depths:2 | Reached skill level 23 in Spellcasting
 60696 | Depths:2 | Noticed a greater mummy
 60702 | Depths:2 | Killed a greater mummy
 60702 | Depths:2 | Identified the +2 robe "Wiun" {rC++ MR- rCorr Dex-3 Slay+3} (You took it off a greater mummy on level 2 of the Depths)
 60972 | Depths:2 | Reached skill level 5 in Necromancy
 61001 | Depths:2 | Reached XP level 22. HP: 137/137 MP: 40/50
 61508 | Depths:2 | Found a one-way gate to the infinite horrors of the Abyss.
 62502 | Depths:3 | Found a gateway to a ziggurat.
 62517 | Zig:1    | Entered Level 1 of a ziggurat
 62699 | Zig:2    | Entered Level 2 of a ziggurat
 62777 | Zig:3    | Entered Level 3 of a ziggurat
 62844 | Zig:4    | Entered Level 4 of a ziggurat
 62898 | Zig:4    | Reached XP level 23. HP: 125/146 MP: 27/51
 63007 | Zig:5    | Entered Level 5 of a ziggurat
 63050 | Zig:5    | Identified the +6 triple crossbow of the Tooth {elec, rC+ Str-3 Dex+4}
 63050 | Zig:5    | Identified the cursed +0 robe of the Okapi {rPois MP-9 Str+4}
 63146 | Zig:5    | Learned a level 4 spell: Airstrike
 63148 | Zig:6    | Entered Level 6 of a ziggurat
 63155 | Zig:6    | Identified the +10 scimitar "Qalecu" {slice, rN+}
 63185 | Zig:6    | Identified a +1 pair of boots of running
 63252 | Zig:7    | Entered Level 7 of a ziggurat
 63258 | Zig:7    | Identified the ring "Zairamoh" {Ice Str+5 Int+2 SInv}
 63266 | Zig:7    | Reached skill level 15 in Short Blades
 63279 | Zig:7    | Identified the +1 hunting sling "Jeukuh" {venom, *Contam MR++ Int+4}
 63358 | Zig:8    | Entered Level 8 of a ziggurat
 63429 | Zig:8    | Reached XP level 24. HP: 153/153 MP: 39/51
 63439 | Zig:8    | Reached XP level 25. HP: 158/158 MP: 44/51
 63502 | Zig:9    | Entered Level 9 of a ziggurat
 63658 | Depths:3 | Found a shattered altar of Ashenzari.
 63658 | Depths:3 | Found a stormy altar of Qazlal.
 63670 | Depths:3 | Found a white marble altar of Elyvilon.
 64264 | Depths:3 | Noticed a juggernaut
 64292 | Depths:3 | Killed a juggernaut
 65166 | Depths:3 | Reached XP level 26. HP: 102/165 MP: 46/51
 65196 | Depths:3 | Noticed an ancient lich
 65210 | Depths:3 | Killed an ancient lich
 65228 | Depths:3 | Noticed a juggernaut
 65233 | Depths:2 | Upgraded the game from 0.20-a0-4-gd166d5d to 0.20-a0-9-g62d82d9
 65683 | Depths:3 | Reached skill level 24 in Spellcasting
 65796 | Depths:3 | Killed a juggernaut
 65825 | Depths:3 | Identified the +3 ring mail "Esap" {Str+8}
 66037 | Depths:4 | Noticed an ancient lich
 66046 | Depths:4 | Killed an ancient lich
 66110 | Depths:4 | Learned a level 3 spell: Lesser Beckoning
 66112 | Depths:4 | Learned a level 1 spell: Apportation
 66128 | Depths:4 | Learned a level 2 spell: Passwall
 66204 | Depths:4 | Reached skill level 5 in Charms
 66721 | Depths:4 | Reached skill level 10 in Fighting
 66919 | Depths:4 | Reached skill level 1 in Transmutations
 67014 | Depths:4 | Reached skill level 10 in Air Magic
 67388 | Depths:5 | Entered Level 5 of the Depths
 68197 | Depths:5 | Found a gate to the Realm of Zot.
 68844 | Crypt:1  | Reached XP level 27. HP: 171/171 MP: 50/52
 69294 | Crypt:1  | Reached skill level 15 in Stealth
 69611 | D:11     | Learned a level 4 spell: Control Undead
 70305 | Crypt:2  | Noticed Margery
 70327 | Crypt:2  | Killed Margery
 70441 | Crypt:2  | Reached skill level 25 in Spellcasting
 70608 | Crypt:2  | Identified the +4 chain mail "Keihi" {rElec rC- rN+++ Stlth+}
 71048 | Crypt:3  | Entered Level 3 of the Crypt
 71101 | Crypt:3  | Identified the cursed ring of Nureesuq {rPois rF+ Int+5} (You acquired it on level 3 of the Crypt)
 72475 | Crypt:3  | Reached skill level 10 in Shields
 72843 | Crypt:3  | Learned a level 2 spell: Swiftness
 72989 | Crypt:3  | Found a staircase to the Tomb.
 73067 | Crypt:3  | Identified the amulet of Trepidation {rN+ Regen+}
 73081 | Crypt:3  | Identified the ring of the Burgomaster {+Inv rN+ Str+4 Int+2 Dex+3}
 73081 | Crypt:3  | Identified the ring "Ecwovoev" {rN+ Dex+5}
 73399 | Vaults:5 | Entered Level 5 of the Vaults
 73502 | Vaults:4 | Reached skill level 10 in Necromancy
 74862 | Vaults:4 | Reached skill level 26 in Spellcasting
 74978 | Vaults:5 | Identified the +2 dagger of Boall {speed, Dex+3}
 75007 | Vaults:5 | Identified the amulet "Genaa" {Reflect rElec SH+2}
 75587 | Vaults:5 | Got a silver rune of Zot
 75646 | Vaults:5 | Identified the +0 leather armour of the Unseen Realm {Int+3}
 75933 | Vaults:5 | Identified the +10 scimitar "Avanieb" {slice, rF+ rC- Dex+3 SInv} (You took it off a yaktaur on level 5 of the Vaults)
 76301 | Vaults:5 | Identified the Reference Book on the Ashen Entourage
 76352 | Vaults:5 | Identified the amulet of Iroiq {Inacc +Blink Str+3 Int-2}
 76402 | Vaults:5 | Identified the +6 triple crossbow "Noavax" {elec, *Slow +Inv Str+10} (You took it off a yaktaur on level 5 of the Vaults)
 76496 | Vaults:5 | Identified the +5 short sword "Sifef" {pierce, +Rage rC+ rN+ Dex+3} (You took it off a vault sentinel on level 5 of the Vaults)
 76782 | Orc:2    | Bought a book of Battle for 520 gold pieces
 76785 | Orc:2    | Learned a level 2 spell: Shroud of Golubria
 77149 | Zot:1    | Entered Level 1 of the Realm of Zot
 77443 | Zot:1    | Noticed an orb of fire
 79999 | Zot:3    | Reached skill level 27 in Spellcasting
 80700 | Zot:3    | Noticed an orb of fire
 81138 | Zot:4    | Reached skill level 15 in Fire Magic
 81646 | Zot:5    | Entered Level 5 of the Realm of Zot
 81836 | Zot:5    | Reached skill level 15 in Dodging
 82050 | Zot:5    | Noticed an ancient lich
 82068 | Zot:5    | Killed an ancient lich
 82229 | Zot:5    | Noticed an ancient lich
 82238 | Zot:5    | Killed an ancient lich
 82580 | Zot:5    | Noticed an orb of fire
 82583 | Zot:5    | Gained mutation: You expend magic power (3 MP) to strengthen your wands. [the power of Zot]
 82583 | Zot:5    | Gained mutation: Your body sometimes deteriorates upon taking damage. [the power of Zot]
 82585 | Zot:5    | Gained mutation: Your body often deteriorates upon taking damage. [an orb of fire]
 82588 | Zot:5    | Gained mutation: You are dopey. (Int -2) [mutagenic glow]
 82603 | Zot:5    | Gained mutation: Armour fits poorly on your strangely shaped body. [an orb of fire]
 82860 | Zot:1    | Gained mutation: Potions and wands are less effective at restoring your health. [an orb of fire]
 82906 | Depths:3 | Lost mutation: You are dopey. (Int -2) [potion of cure mutation]
 82906 | Depths:3 | Lost mutation: You are resistant to hostile enchantments. (MR+) [potion of cure mutation]
 82906 | Depths:3 | Lost mutation: You are partially covered in iridescent scales. (AC +2) [potion of cure mutation]
 82906 | Depths:3 | Lost mutation: Your body often deteriorates upon taking damage. [potion of cure mutation]
 82906 | Depths:3 | Lost mutation: Potions and wands are less effective at restoring your health. [potion of cure mutation]
 82906 | Depths:3 | Lost mutation: Your body sometimes deteriorates upon taking damage. [potion of cure mutation]
 83199 | Lair:1   | Learned a level 4 spell: Iskenderun's Mystic Blast
 83435 | Depths:1 | Learned a level 6 spell: Shadow Creatures
 83435 | Depths:1 | Lost mutation: You expend magic power (3 MP) to strengthen your wands. [potion of cure mutation]
 83435 | Depths:1 | Lost mutation: Armour fits poorly on your strangely shaped body. [potion of cure mutation]
 83435 | Depths:1 | Lost mutation: Your natural rate of healing is unusually fast. [potion of cure mutation]
 83435 | Depths:1 | Lost mutation: Your flesh is cold resistant. (rC+) [potion of cure mutation]
 84151 | Zot:5    | Noticed an orb of fire
 84158 | Zot:5    | Noticed an orb of fire
 84162 | Zot:5    | Gained mutation: You are robust. (+10% HP) [an orb of fire]
 84182 | Zot:5    | Noticed an orb of fire
 84189 | Zot:5    | Noticed an ancient lich
 84189 | Zot:5    | Noticed an ancient lich
 84196 | Zot:5    | Killed an ancient lich
 84200 | Zot:5    | Noticed an orb of fire
 84200 | Zot:5    | Reached skill level 5 in Summonings
 84201 | Zot:5    | Noticed an orb of fire
 84212 | Zot:5    | Got the Orb of Zot
 84214 | Zot:5    | HP: 3/195 [Orb Guardian (7)]
 84214 | Zot:5    | Annihilated by an Orb Guardian

Vault maps used:
D:1:      dpeg_arrival_tiny_h
D:2:      grunt_decor_arrowhead, dk_noncrumbling_2, minmay_tetromino_o2
D:3:      trog_eyes_of_draining, cheibrodos_ashenzari_chains
D:4:      xom_confusion_cloud, uniq_duvessa, uniq_robin, uniq_blork_the_orc
D:5:      yredelemnul_forgotten_temple_becter, makhleb_altar_promises_db,
          first_bread
D:6:      slow_altar_1, minitemple, uniq_sigmund, uniq_crazy_yiuf_cottage,
          uniq_pikel
D:7:      lemuel_round_altar
D:8:      erik_lair_island, serial_shops, shop_statue, uniq_joseph,
          uniq_gastronok
D:10:     uniq_sonja
D:11:     kennysheep_orc_monster_closet_entryway, nicolae_trove_entry_crossroad,
          grunt_livestock
D:12:     tgw_lugonu_bribe
D:13:     lemuel_oklob_altar, uniq_urug, uniq_azrael
D:14:     david_vaults_1, onia_ninara_dug_in_and_dangerous, uniq_josephine
D:15:     grunt_enter_depths_hoard, basic_altar, serial_shops, shop, shop, shop,
          shop, nicolae_shop_waterfront, hangedman_decor_slide_cut
Temple:   nicolae_temple_hex_pool
Lair:1:   minmay_holes
Lair:2:   wad_woods_minihive, minivault_24, serial_bayou_crossing
Lair:3:   lemuel_fruit_tree
Lair:4:   swamp_mist_pool
Lair:5:   slime_altar_1, serial_bayou_shore_b, grunt_megastairs_3
Lair:6:   due_jungle_book, portal_ice_cave_entry_pillars_1, tgw_fedhas,
          infiniplex_staircase_pool_2, grunt_megastairs_2
Swamp:1:  evilmike_swamp_ruin_house_3, swamp_pool4
Swamp:2:  evilmike_swamp_ruin_rubble_2
Swamp:3:  evilmike_swamp_ruin_house_6, swamp_pool5
Swamp:4:  swamp, swamp_pool5, water_boxes_lemuel, uniq_roxanne
Snake:1:  serial_bayou_shore_b, uniq_frances
Snake:2:  uniq_aizul, uniq_vashnia, uniq_jorgrun
Snake:3:  uniq_nikola, uniq_agnes
Snake:4:  snake_pit, basic_altar
Orc:1:    serial_shops, nicolae_shop_waterfront, lemuel_statue_altar
Orc:2:    pubby_orc_utopia, uniq_nessos
Elf:1:    kennysheep_room_grid, minmay_elf_crystal_heptagon
Elf:2:    serial_shops, nicolae_shop_stone, minivault_19, lemuel_flame_loot_1
Elf:3:    minmay_elf_hall_quartered_circle, roderic_lattice_octagonal_star
Vaults:1: v_misc_1, grunt_vaults_funnel, vaults_dpeg_diagonal, v_alt_pattern_3,
          vaults_dpeg_hooks, hangedman_vaults_stagger, hangedman_vaults_stream,
          v_misc_3, nicolae_vaults_sealed_display, st_more_cells
Vaults:2: nicolae_vaults_branching_niches, v_rooms_1,
          hangedman_vaults_corner_blocks, nicolae_vaults_ninety_degrees,
          v_misc_13, nicolae_vaults_little_ls, dpeg_vaults_monster_row,
          hangedman_vaults_restitches, ontoclasm_vaults_hangar,
          hangedman_vaults_snaps, nicolae_vaults_specimen_jars,
          grunt_vaults_hallway_short, serial_shops, shop
Vaults:3: nicolae_vaults_little_squares_3, hangedman_vaults_capsules,
          ontoclasm_vaults_claustrophobia, nicolae_vaults_twisting_passages,
          v_misc_27, v_pattern_5, dpeg_vaults_monster_box, nicolae_vaults_theta,
          v_misc_3, vaults_room_hangedman_quadrants,
          nicolae_vaults_little_squares_3, ontoclasm_vaults_ring_square,
          minmay_crypt_entry_necro_gods, serial_shops, nicolae_shop_waterfront
Vaults:4: hangedman_vaults_corner_blocks, vaults_room_door_hall,
          nicolae_vaults_network_periphery, nicolae_vaults_what_the_h,
          ontoclasm_vaults_shuriken, v_misc_13, vaults_dpeg_cross, basic_altar,
          serial_shops, shop, uniq_mara, uniq_saint_roka
Crypt:1:  mu_enter_wizlab_3
Crypt:2:  minivault_27, uniq_margery
Crypt:3:  due_elkab, tomb_entry_simple_bobbens
Depths:1: pan_entry, grunt_hell_entry_dis_grunt, serial_sigils_hangedman_etch
Depths:2: lemuel_minitomb, hellmouth_1, corexii_leaking_fountain, abyss_entry,
          small_statue_intersection, infiniplex_staircase_x
Depths:3: hangedman_slaughterboxes, abyss_entry, hell_entry, pan_entry
Depths:4: minmay_guarded_unrand_majin_bo, serial_sigils_hangedman_quiver,
          pf_dread_powers_of_hell, abyss_entry_small_statue_room,
          rand_demon_pan_entry_5
Depths:5: grunt_zot_entry_bicorn, abyss_entry, hangedman_coc_ice_floe,
          minmay_misc_feat_alley, serial_bayou_shore_b
Zot:3:    grunt_zot_stairs_mandelzot
IceCv:    ice_cave_small_demon
WizLab:   wizlab_doroklohe

Skill      XL: |  1  2  3  4  5  6  7  8  9 10 11 12 13 14 15 16 17 18 19 20 21 22 23 24 25 26 27 |
---------------+----------------------------------------------------------------------------------+-----
Spellcasting   | 3 4 6 7 9 10 12 13 14 15 16 17 18 19 20 22 23 24 27 | 27.0
Stealth        | 3 4 5 6 7 8 9 11 12 13 14 17 | 17.4
Conjurations   | 2 3 4 6 7 9 10 11 12 13 14 15 16 17 18 | 18.7
Short Blades   | 1 2 3 4 5 6 7 8 9 10 11 12 13 17 18 19 | 19.7
Fire Magic     | 4 5 6 7 8 10 11 12 13 14 15 | 15.1
Dodging        | 3 4 5 6 8 9 10 11 12 15 | 15.5
Fighting       | 1 2 3 4 5 6 7 8 9 10 12 | 12.3
Necromancy     | 2 3 5 6 8 10 | 10.0
Shields        | 2 3 4 5 6 7 8 9 12 | 12.5
Translocations | 3 4 5 10 11 12 13 14 | 14.9
Charms         | 1 4 5 6 |  6.4
Evocations     | 1 2 |  2.8
Hexes          | 5 0 |  0.0
Air Magic      | 3 5 6 7 8 9 10 12 | 12.4
Summonings     | 2 3 4 1 2 3 5 |  5.0
Transmutations | 1 |  1.0
Earth Magic    | |  0.7

Action                   |  1- 3 |  4- 6 |  7- 9 | 10-12 | 13-15 | 16-18 | 19-21 | 22-24 | 25-27 || total
-------------------------+-------+-------+-------+-------+-------+-------+-------+-------+-------++-------
Melee: Dagger            |    31 |    75 |   139 |   279 |  1123 |       |   516 |   393 |  2424 ||  4980
       Short sword       |       |       |       |       |   202 |   928 |   780 |       |       ||  1910
 Cast: Flame Tongue      |    33 |    60 |   202 |   367 |   290 |    51 |    23 |       |     1 ||  1027
       Throw Flame       |    13 |    43 |    65 |    93 |   119 |    96 |    83 |    11 |     5 ||   528
       Sticky Flame      |       |       |    14 |    66 |   114 |    38 |    68 |    18 |    68 ||   386
       Conjure Flame     |       |       |     5 |    12 |     6 |       |       |       |       ||    23
       Inner Flame       |       |       |     2 |       |       |       |       |       |       ||     2
       Fireball          |       |       |       |    22 |    85 |   102 |   145 |    25 |   199 ||   578
       Animate Skeleton  |       |       |       |    19 |    44 |    24 |    40 |     7 |    27 ||   161
       Regeneration      |       |       |       |     1 |     6 |     8 |    15 |     5 |    41 ||    76
       Animate Dead      |       |       |       |       |   106 |   102 |    88 |    19 |   146 ||   461
       Force Lance       |       |       |       |       |    51 |   114 |   187 |    23 |   140 ||   515
       Summon Lightning  |       |       |       |       |    25 |    47 |    51 |    13 |    62 ||   198
       Control Undead    |       |       |       |       |     3 |     7 |     7 |       |    13 ||    30
       Deflect Missiles  |       |       |       |       |     2 |     1 |     3 |       |     6 ||    12
       Cause Fear        |       |       |       |       |       |     2 |       |       |       ||     2
       Mephitic Cloud    |       |       |       |       |       |    43 |    53 |     7 |    39 ||   142
       Dispersal         |       |       |       |       |       |     6 |     3 |     1 |    13 ||    23
       Dispel Undead     |       |       |       |       |       |       |    20 |     6 |   148 ||   174
       Bolt of Draining  |       |       |       |       |       |       |    24 |     6 |   163 ||   193
       Blink             |       |       |       |       |       |       |    10 |     1 |     9 ||    20
       Controlled Blink  |       |       |       |       |       |       |     1 |       |     2 ||     3
       Lesser Beckoning  |       |       |       |       |       |       |       |       |    15 ||    15
       Airstrike         |       |       |       |       |       |       |       |       |    49 ||    49
       Passwall          |       |       |       |       |       |       |       |       |     2 ||     2
       Shroud of Golubri |       |       |       |       |       |       |       |       |    11 ||    11
       Shadow Creatures  |       |       |       |       |       |       |       |       |     4 ||     4
       Swiftness         |       |       |       |       |       |       |       |       |     2 ||     2
Invok: Curse Item        |       |     2 |     1 |     3 |     5 |     2 |     3 |     1 |     1 ||    18
       Transfer Knowledg |       |       |       |       |       |     2 |       |       |       ||     2
       Scrying           |       |       |       |       |       |     1 |       |     1 |       ||     2
Evoke: Wand              |       |       |       |     1 |     4 |     6 |     2 |       |    11 ||    24
       Phantom mirror    |       |       |       |       |       |     1 |       |       |       ||     1
       Fan of gales      |       |       |       |       |       |     1 |       |       |     1 ||     2
       Lamp of fire      |       |       |       |       |       |       |       |       |     2 ||     2
  Use: Scroll            |     2 |     1 |     9 |    11 |    25 |    12 |    21 |     2 |    20 ||   103
       Potion            |       |       |     4 |     1 |     4 |     7 |     1 |     3 |     7 ||    27
 Stab: Sleeping          |     3 |     1 |     5 |     6 |    35 |    24 |    54 |     6 |    51 ||   185
       Distracted        |       |       |       |       |    15 |    19 |    18 |    11 |    96 ||   159
       Fleeing           |       |       |       |       |     1 |       |       |       |       ||     1
       Confused          |       |       |       |       |       |    35 |    41 |     3 |    36 ||   115
       Invisible         |       |       |       |       |       |     5 |       |       |       ||     5
  Eat: Chunk             |     2 |    10 |    19 |    24 |    53 |    39 |    43 |     7 |    37 ||   234
       Pizza             |       |       |       |     2 |     3 |     2 |     2 |       |     1 ||    10
       Beef jerky        |       |       |       |     2 |     3 |     5 |     2 |     1 |     1 ||    14
       Fruit             |       |       |       |       |     1 |       |       |     4 |     3 ||     8
       Bread ration      |       |       |       |       |       |       |     1 |       |     1 ||     2
       Royal jelly       |       |       |       |       |       |       |     1 |       |       ||     1
       Meat ration       |       |       |       |       |       |       |       |       |     5 ||     5
Armor: Robe              |     3 |    14 |     2 |    98 |   102 |    90 |    97 |    47 |   212 ||   665
       Animal skin       |       |       |    45 |     4 |       |       |       |       |       ||    49
Dodge: Dodged            |    25 |    50 |   135 |   345 |   578 |   631 |   687 |   251 |  1290 ||  3992
       Deflected         |       |       |       |       |    11 |    79 |    58 |    11 |   114 ||   273
Block: Other             |       |       |       |    16 |       |       |       |       |       ||    16
       Buckler           |       |       |       |    15 |   342 |   356 |   168 |       |       ||   881
       Reflection        |       |       |       |       |    11 |    58 |    60 |    12 |    73 ||   214
       Shield            |       |       |       |       |       |       |   413 |   298 |  1401 ||  2112
